 Dungeon Crawl Stone Soup version 0.17.0-23-g0de4337 (webtiles) character file.

145819 septik the Fighter (level 17, -2/112 HPs)
             Began as a Gargoyle Gladiator on Nov 13, 2015.
             Was the Champion of Okawaru.
             Slain by a jumping spider (4 damage)
             ... on level 1 of the Spider Nest on Nov 14, 2015.
             The game lasted 02:09:15 (35613 turns).

septik the Fighter (Gargoyle Gladiator)            Turns: 35613, Time: 02:09:15

Health: -2/112     AC: 12    Str: 26    XL:     17   Next: 43%
Magic:  0/24       EV: 12    Int:  9    God:    Okawaru [******]
Gold:   3594       SH:  0    Dex: 25    Spells: 1 memorised, 14 levels left

rFire  + . .     SeeInvis .     a - +2 lajatang (vamp)
rCold  . . .     Clarity  .     t - +7 plate armour of Ofoomuw {rF+ Regen+}
rNeg   + . .     SustAt   .     (shield currently unavailable)
rPois  ∞         Gourm    +     O - +0 helmet "Socvaoka" {rElec Dex+3}
rElec  +         Spirit   .     r - +1 cloak
rCorr  .         Warding  .     s - +1 pair of gloves {Dex+3}
rMut   .         Stasis   .     G - +0 pair of boots
MR     ++...                    n - amulet of the gourmand
Stlth  ..........               (no ring)
                                I - ring of Ahoceg {MR+ Str+4 Dex+5}

@: heroism, corroded equipment, flying, very slightly contaminated, held, very
resistant to hostile enchantments, extremely unstealthy
A: big wings, negative energy resistance 1, electricity resistance, unbreathing,
petrification resistance, rot immunity, AC +12
a: Stop Flying, Heroism, Finesse, Renounce Religion


You were on level 1 of the Spider Nest.
You worshipped Okawaru.
Okawaru was exalted by your worship.
You were completely stuffed.

You visited 5 branches of the dungeon, and saw 31 of its levels.
You also visited: Labyrinth, Sewer and Bailey.

You collected 4053 gold pieces.
You spent 459 gold pieces at shops.

Inventory:

Hand Weapons
 a - a +2 vampiric lajatang (weapon)
 b - a +5 quarterstaff of pain
Missiles
 c - 5 poisoned javelins
 m - 1007 stones (quivered)
 Q - 68 tomahawks of returning
Armour
 r - a +1 cloak (worn)
 s - a +1 pair of gloves of dexterity (worn)
 t - the +7 plate armour of Ofoomuw (worn) {rF+ Regen+}
   (Okawaru gifted it to you on level 8 of the Lair of Beasts)

   It protects you from fire.
   It increases your rate of regeneration.
 G - a +0 pair of boots (worn)
 O - the +0 helmet "Socvaoka" (worn) {rElec Dex+3}
   (You found it on level 3 of the Swamp)

   It affects your dexterity (+3).
   It insulates you from electricity.
 X - the +7 chain mail of the Gate {rC+ Str+3 Int+2}
   (Okawaru gifted it to you on level 3 of the Lair of Beasts)

   It affects your strength (+3).
   It affects your intelligence (+2).
   It protects you from cold.
Rods
 N - a +3 rod of ignition (10/10)
   (You found it in a labyrinth)
Jewellery
 n - an amulet of the gourmand (around neck)
 v - an uncursed ring of sustain attributes
 z - an uncursed ring of teleportation
 F - an uncursed ring of see invisible
 I - the ring of Ahoceg (left hand) {MR+ Str+4 Dex+5}
   (You found it in a labyrinth)

   [ring of protection from magic]

   It affects your strength (+4).
   It affects your dexterity (+5).
   It affects your resistance to hostile enchantments.
 V - an uncursed amulet of regeneration
Wands
 h - a wand of teleportation (5)
 j - a wand of cold (2)
 H - a wand of heal wounds (6)
 M - a wand of disintegration (9)
Scrolls
 i - 4 scrolls of fear
 l - 2 scrolls of summoning
 p - 6 scrolls of remove curse
 w - 3 scrolls of fog
 J - 3 scrolls of silence
 R - a scroll of blinking
 Z - a scroll of magic mapping
Potions
 k - 2 potions of agility
 u - a potion of resistance
 C - 10 potions of might
 D - a potion of invisibility
 E - 3 potions of haste
 P - 3 potions of curing
 W - 6 potions of cancellation
 Y - 3 potions of heal wounds
Comestibles
 e - 15 bread rations
 q - 50 fruits


   Skills:
 + Level 14.9(19.9) Fighting
 - Level 14.3(19.3) Staves
 - Level 1.7(6.7) Throwing
 + Level 14.8(19.8) Armour
 + Level 11.9(16.9) Dodging
 + Level 9.2 Earth Magic
 - Level 6.5 Invocations
 - Level 9.4 Evocations


You had 14 spell levels left.
You knew the following spells:

 Your Spells              Type           Power        Failure   Level  Hunger
a - Stoneskin             Trmt/Erth      #.......     50%         2    ###....


Dungeon Overview and Level Annotations

Branches:
Dungeon (15/15)            Temple (0/1) D:7            Lair (8/8) D:10
  Swamp (3/4) Lair:4       Spider (1/4) Lair:4        Slime (0/6) Lair:6
    Orc (4/4) D:9             Elf (0/3) Orc:3        Vaults (0/5) D:14
 Depths (0/5) D:15

Altars:
Ashenzari
Cheibriados
Dithmenos
Fedhas
Kikubaaqudgha
Makhleb
Nemelex Xobeh
Okawaru
Qazlal
Sif Muna
Trog
Vehumet
Yredelemnul
The Shining One
Beogh
Jiyva

Shops:
D:7 =[   D:10 !   D:12 ?[(!   Orc:4 [!:%

Portals:
Pandemonium: Orc:4

Annotations:
D:9 exclusion: ice statue
D:11 exclusion: obsidian statue


Innate Abilities, Weirdness & Mutations

You are resistant to torment.
Your stone body is resilient (AC +12).
You are immune to poison.
Your large and strong wings let you fly indefinitely.
You resist negative energy.
You are resistant to electric shocks.
You can survive without breathing.
You are immune to petrification.
You are immune to rotting.


Message History

Unknown command.
You struggle to detach yourself from the web.
You feel less confused.
The jumping spider leaps!
The jumping spider pounces on you.
* * * LOW HITPOINT WARNING * * *
You are even more entangled.
The jumping spider barely misses you. The redback bites you.
* * * LOW HITPOINT WARNING * * *
The redback bites you!
* * * LOW HITPOINT WARNING * * *
The tarantella bites you!
* * * LOW HITPOINT WARNING * * *
The redback bites you.
* * * LOW HITPOINT WARNING * * *
The jumping spider barely misses you. The jumping spider bites you.
* * * LOW HITPOINT WARNING * * *
The tarantella closely misses you.
The redback bites you but does no damage.
The jumping spider misses you. The jumping spider bites you.
You die...

#........^...........
##.....s.............
#........§...........
..........§...........
..........B.......!...
.........p.s..........
..........sssss..§....
...........ssss^......
...$.......ss@s.§.....
............sss†......
.............<........
.........§..>.........
?.....................
...§.^s..............
..§..................
§...................
.......$...........


You could see a boulder beetle, an entropy weaver, an orb spider, 5 jumping
spiders, 2 tarantellas, 8 redbacks and 2 spiders.

Vanquished Creatures
  Agnes (D:15)
  A thorn hunter (Swamp:3)
  Maud (Lair:3)
  Snorg (D:10)
  3 vault guards (D:14)
  Josephine (Orc:4)
  The ghost of Zooty the Envoy of Void, a journeyman HaAK of Lugonu (Orc:2)
  A minotaur (Lab)
  A ghost crab (Swamp:2)
  13 hydras
  5 centaur warriors
  Erica (D:11)
  4 alligators
  7 orc high priests (Orc:4)
  An ogre mage (D:15)
  4 death yaks (Lair:8)
  2 tengu warriors
  Sonja (D:13)
  10 skeletal warriors (D:15)
  2 wizards
  A swamp dragon (Swamp:2)
  4 hill giants
  3 gelid demonspawn (Orc:4)
  2 necromancers (D:14)
  Pikel (D:6)
  6 orc knights
  5 orc sorcerers
  6 oklob plants
  2 deep elf conjurers (D:15)
  3 griffons
  2 sixfirhies (Orc:4)
  A hornet (Swamp:2)
  17 ugly things
  A manticore (D:11)
  3 cyclopes
  8 black mambas
  Joseph (D:8)
  2 orange demons (D:15)
  15 elephants
  2 centaur zombies
  Psyche (D:10)
  A torpor snail (Lair:6)
  20 spiny frogs
  4 fire drakes
  2 gargoyles
  6 komodo dragons
  8 polar bears (Lair:8)
  A tengu conjurer (D:12)
  3 red devils
  7 giant leeches
  5 two-headed ogres
  A hornet zombie (D:14)
  31 blink frogs
  2 trapdoor spider zombies
  A raiju (Lair:8)
  3 bog bodies
  3 trolls
  17 slime creatures
  3 shadows
  5 wraiths (Orc:4)
  A trapdoor spider (D:11)
  A tarantella (Spider:1)
  3 deep elf magi
  4 spriggans
  6 basilisks
  19 humans (D:14)
  43 yaks
  15 wolves
  3 wyverns
  6 hippogriffs
  3 hungry ghosts
  9 swamp worms
  13 insubstantial wisps
  10 vampire mosquitoes
  9 wargs
  5 hell hounds (Lair:8)
  Duvessa (D:4)
  17 water moccasins
  An eye of draining (D:11)
  2 spiders (Spider:1)
  15 black bears
  9 porcupines
  2 swamp drakes
  A necrophage (D:10)
  17 ogres
  8 wasps
  39 orc warriors
  9 boggarts
  18 centaurs
  2 ice beasts
  2 phantoms
  12 crocodiles
  11 big kobolds
  A gnoll sergeant (D:8)
  A wyvern skeleton (D:9)
  30 giant frogs
  3 scorpions
  Dowan (D:4)
  25 killer bees
  16 wights
  2 giant frog zombies
  17 hounds
  6 crimson imps
  3 giant frog skeletons
  9 iguanas
  4 jellies
  6 centaur skeletons
  41 orc priests
  33 orc wizards
  Jessica (D:2)
  7 hell rats (Lair:6)
  12 worker ants
  Natasha (thrice) (D:2)
  21 sheep
  2 ogre skeletons (Lab)
  2 hound skeletons
  Robin (D:2)
  10 adders
  2 worker ant zombies
  19 gnolls
  53 river rats
  4 shadow imps
  An ooze (D:3)
  An adder skeleton (D:5)
  An adder zombie (D:5)
  4 worms
  205 orcs
  17 goblins
  19 hobgoblins
  9 jackals
  78 kobolds
  4 quokkas
  7 ball pythons
  A ball python zombie (D:6)
  9 bats
  11 giant cockroaches
  5 giant geckos
  6 giant newts
  2 gnoll zombies (D:4)
  A jackal skeleton (D:4)
  A jackal zombie (D:5)
  9 rats
  A briar patch (Swamp:3)
  A bush (Lair:7)
  2 fungi
  4 plants
1320 creatures vanquished.

Vanquished Creatures (others)
  A komodo dragon (Lair:4)
  A spider (Spider:1)
  A boggart (D:14)
  A giant frog (D:6)
  A hound (D:6)
  A gnoll shaman (D:6)
  A giant frog skeleton (D:6)
  3 gnolls (D:6)
  A giant newt (D:6)
  4 jackals
  A bush (Lair:6)
  37 fungi
  10 plants
63 creatures vanquished.

Grand Total: 1383 creatures vanquished

Notes
Turn   | Place    | Note
--------------------------------------------------------------
     0 | D:1      | septik the Gargoyle Gladiator began the quest for the Orb.
     0 | D:1      | Reached XP level 1. HP: 12/12 MP: 1/1
    21 | D:1      | You fall through a shaft!
    27 | D:2      | Found an iron altar of Okawaru.
    36 | D:2      | Became a worshipper of Warmaster Okawaru
   307 | D:1      | Reached XP level 2. HP: 18/18 MP: 2/2
   773 | D:2      | Noticed Jessica
   776 | D:2      | Killed Jessica
   776 | D:2      | Reached skill level 1 in Armour
   776 | D:2      | Reached XP level 3. HP: 22/22 MP: 3/3
   819 | D:2      | Noticed Natasha
   838 | D:2      | Killed Natasha
   838 | D:2      | Reached skill level 4 in Staves
   838 | D:2      | Reached XP level 4. HP: 13/27 MP: 4/4
  1182 | D:2      | Found a sparkling altar of Nemelex Xobeh.
  1201 | D:2      | Noticed Natasha
  1212 | D:2      | Killed Natasha
  1363 | D:2      | Noticed Robin
  1387 | D:2      | Killed Robin
  1387 | D:2      | Reached XP level 5. HP: 24/32 MP: 5/5
  1428 | D:2      | Noticed Natasha
  1444 | D:2      | Killed Natasha
  1600 | D:2      | Noticed a moth of wrath
  1602 | D:2      | Found a bloodstained altar of Trog.
  1987 | D:3      | Found a shattered altar of Ashenzari.
  2088 | D:3      | Reached * piety under Okawaru
  2175 | D:3      | Reached XP level 6. HP: 30/37 MP: 6/6
  2540 | D:3      | Found a deep blue altar of Sif Muna.
  2635 | D:4      | Found a shadowy altar of Dithmenos.
  2806 | D:4      | Reached skill level 5 in Staves
  3149 | D:4      | Noticed Dowan
  3163 | D:4      | Killed Dowan
  3165 | D:4      | Noticed Duvessa
  3182 | D:4      | Killed Duvessa
  3182 | D:4      | Reached ** piety under Okawaru
  3182 | D:4      | Reached XP level 7. HP: 19/42 MP: 7/7
  3730 | D:4      | Found a basalt altar of Yredelemnul.
  3881 | D:4      | Found an ancient bone altar of Kikubaaqudgha.
  3900 | D:4      | Reached skill level 6 in Staves
  4026 | D:4      | Reached XP level 8. HP: 32/48 MP: 8/8
  4137 | D:4      | Reached *** piety under Okawaru
  4151 | D:4      | Reached skill level 5 in Fighting
  4623 | D:4      | Reached skill level 7 in Staves
  4629 | D:5      | Entered Level 5 of the Dungeon
  4860 | D:5      | Reached skill level 5 in Armour
  5894 | D:6      | Noticed Pikel
  5928 | D:6      | Killed Pikel
  5928 | D:6      | Reached **** piety under Okawaru
  5928 | D:6      | Reached skill level 8 in Staves
  5928 | D:6      | Reached skill level 5 in Dodging
  5928 | D:6      | Reached XP level 9. HP: 46/55 MP: 9/9
  6125 | D:6      | Found a glowing drain.
  6130 | Sewer    | Entered a sewer
  6776 | D:6      | Found a stormy altar of Qazlal.
  7203 | D:6      | Found a burning altar of Makhleb.
  7204 | D:6      | Found a radiant altar of Vehumet.
  7747 | D:7      | Reached skill level 9 in Staves
  7784 | D:7      | Found Myezxiod's Jewellery Shop.
  7790 | D:7      | Found a staircase to the Ecumenical Temple.
  7898 | D:7      | Found Leyweolu's Antique Armour Shoppe.
  7951 | D:7      | Found a blossoming altar of Fedhas.
  7952 | D:7      | Found a snail-covered altar of Cheibriados.
  8096 | D:7      | Found a glowing golden altar of the Shining One.
  8226 | D:8      | Noticed Joseph
  8269 | D:8      | Killed Joseph
  8269 | D:8      | Reached XP level 10. HP: 40/63 MP: 10/10
  8429 | D:8      | Reached ***** piety under Okawaru
  9156 | D:8      | Found an iron altar of Okawaru.
  9201 | D:8      | Reached skill level 10 in Staves
  9789 | D:9      | Found a staircase to the Orcish Mines.
  9876 | D:9      | Noticed an ice statue
 10882 | D:10     | Entered Level 10 of the Dungeon
 10907 | D:10     | Found a staircase to the Lair.
 10909 | D:10     | Noticed an oklob plant
 10909 | D:10     | Noticed Snorg
 10942 | D:10     | Killed Snorg
 10942 | D:10     | Reached XP level 11. HP: 28/69 MP: 4/11
 11026 | D:10     | Noticed Psyche
 11039 | D:10     | Killed Psyche
 11232 | D:10     | Reached skill level 11 in Staves
 11475 | D:10     | Received a gift from Okawaru
 11511 | D:10     | Found Axtucwir's Distillery.
 11520 | D:10     | Bought a potion of heal wounds for 65 gold pieces
 11520 | D:10     | Bought a potion of heal wounds for 65 gold pieces
 11576 | D:10     | Noticed a tengu warrior
 11591 | D:10     | Killed a tengu warrior
 12362 | D:10     | Killed an oklob plant
 12362 | D:10     | Reached skill level 1 in Invocations
 12406 | Lair:1   | Entered Level 1 of the Lair of Beasts
 12766 | Lair:1   | Noticed a six-headed hydra
 12770 | Lair:1   | Reached skill level 1 in Evocations
 12781 | Lair:1   | Killed a six-headed hydra
 14269 | Lair:2   | Reached XP level 12. HP: 76/76 MP: 14/14
 14345 | Lair:2   | Noticed a seven-headed hydra
 14360 | Lair:2   | Killed a seven-headed hydra
 14669 | Lair:3   | Noticed Maud
 14688 | Lair:3   | Killed Maud
 15163 | Lair:3   | Reached skill level 12 in Staves
 15463 | Lair:3   | Received a gift from Okawaru
 15468 | Lair:3   | Reached skill level 5 in Invocations
 15474 | Lair:3   | Got a faintly glowing chain mail {god gift}
 15485 | Lair:3   | Identified the +7 chain mail of the Gate {rC+ Str+3 Int+2} (Okawaru gifted it to you on level 3 of the Lair of Beasts)
 16162 | Lair:4   | Reached skill level 10 in Fighting
 16359 | Lair:4   | Reached skill level 5 in Evocations
 16376 | Lair:4   | Reached XP level 13. HP: 57/82 MP: 17/17
 16429 | Lair:4   | Found a hole to the Spider Nest.
 16486 | Lair:4   | Reached skill level 10 in Armour
 16566 | Lair:4   | Found a staircase to the Swamp.
 16685 | Lair:4   | Noticed an eight-headed hydra
 16700 | Lair:4   | Killed an eight-headed hydra
 17175 | Lair:5   | Found a labyrinth entrance.
 17199 | Lab      | Entered a labyrinth
 17366 | Lab      | Noticed a minotaur
 17379 | Lab      | Killed a minotaur
 17393 | Lab      | Got a bound amber ring
 17398 | Lab      | Got a jewelled plate armour
 17400 | Lab      | Identified the ring of Ahoceg {MR+ Str+4 Dex+5} (You found it in a labyrinth)
 17413 | Lab      | Identified the cursed +0 plate armour of Ziysehin {rElec Dex+4} (You found it in a labyrinth)
 18485 | Lair:2   | Identified a +3 rod of ignition (10/10) (You found it in a labyrinth)
 18631 | Lair:6   | Found a viscous altar of Jiyva.
 18631 | Lair:6   | Found a staircase to the Slime Pits.
 18813 | Lair:6   | Reached skill level 13 in Staves
 18937 | Lair:6   | Received a gift from Okawaru
 19574 | Lair:6   | You fall through a shaft for 2 floors!
 19574 | Lair:8   | Entered Level 8 of the Lair of Beasts
 19659 | Lair:8   | Reached ****** piety under Okawaru
 19681 | Lair:8   | Received a gift from Okawaru
 19682 | Lair:8   | Got a heavily runed plate armour {god gift}
 19712 | Lair:8   | Identified the +7 plate armour of Ofoomuw {rF+ Regen+} (Okawaru gifted it to you on level 8 of the Lair of Beasts)
 19757 | Lair:8   | Gained mutation: Your large and strong wings let you fly indefinitely. [Gargoyle growth]
 19757 | Lair:8   | Reached XP level 14. HP: 88/88 MP: 19/19
 20869 | Lair:7   | You fall through a shaft!
 20933 | Lair:7   | Reached skill level 14 in Staves
 21434 | Lair:8   | Received a gift from Okawaru
 21435 | Lair:8   | Got a warped ring mail {god gift}
 21452 | Lair:8   | Identified the +1 ring mail "Uxtasaff" {rF+ MR+ Slay-4 Stlth+} (Okawaru gifted it to you on level 8 of the Lair of Beasts)
 21971 | Lair:8   | Got an encrusted ring mail
 22512 | Lair:7   | Identified the Reference Book on the Unholy Oath
 22676 | Lair:2   | Identified the cursed +0 ring mail "Zecurug" {rN+} (You found it on level 8 of the Lair of Beasts)
 22830 | Orc:1    | Entered Level 1 of the Orcish Mines
 23120 | Orc:2    | Found a roughly hewn altar of Beogh.
 23146 | Orc:2    | Reached XP level 15. HP: 96/96 MP: 21/21
 23212 | Orc:2    | Noticed Zooty's ghost (journeyman HaAK)
 23225 | Orc:2    | Killed Zooty's ghost
 24337 | Orc:3    | Found a staircase to the Elven Halls.
 24849 | Orc:4    | Entered Level 4 of the Orcish Mines
 24866 | Orc:4    | Noticed Josephine
 24877 | Orc:4    | Killed Josephine
 25170 | Orc:4    | Found Okhlydeg's Distillery.
 25171 | Orc:4    | Found Oliuschil's Food Shop.
 25282 | Orc:4    | Bought a potion of flight for 48 gold pieces
 25560 | Orc:4    | Received a gift from Okawaru
 25654 | Orc:4    | Reached skill level 10 in Dodging
 25782 | Orc:4    | Found Plog's Book Emporium.
 25782 | Orc:4    | Found Fant's Antique Armour Shoppe.
 25782 | Orc:4    | Found a one-way gate leading to the halls of Pandemonium.
 25833 | Orc:4    | Bought a pair of glowing gloves for 148 gold pieces
 26143 | Lair:2   | Learned a level 2 spell: Stoneskin
 26298 | D:11     | Reached skill level 1 in Earth Magic
 26387 | D:11     | Found a sparkling altar of Nemelex Xobeh.
 26433 | D:11     | Noticed Erica
 26443 | D:11     | Killed Erica
 27013 | D:12     | Found Boyrixt's Antique Armour Shop.
 27087 | D:12     | Found Byoti's Antique Weapon Boutique.
 27203 | D:12     | Found Deni's Distillery.
 27242 | D:12     | Found Ifeh Bapluig's Magic Scroll Shoppe.
 27277 | D:12     | Bought a scroll of silence for 105 gold pieces
 28129 | D:13     | Received a gift from Okawaru
 28179 | D:13     | Noticed Sonja
 28210 | D:13     | Killed Sonja
 28979 | D:14     | Reached XP level 16. HP: 104/104 MP: 23/23
 29097 | D:14     | Found a flagged portal.
 29111 | Bailey   | Entered a bailey
 29279 | Bailey   | Reached skill level 5 in Earth Magic
 30126 | D:14     | Received a gift from Okawaru
 30127 | D:14     | Got a transparent hat {god gift}
 30138 | D:14     | Identified the +0 hat of Fanaticism {rN+} (Okawaru gifted it to you on level 14 of the Dungeon)
 30732 | D:14     | Found a gate to the Vaults.
 31048 | D:15     | Entered Level 15 of the Dungeon
 31565 | D:15     | Noticed Agnes
 31586 | D:15     | Killed Agnes
 31656 | D:15     | Found a staircase to the Depths.
 32037 | D:15     | Received a gift from Okawaru
 32662 | Swamp:1  | Entered Level 1 of the Swamp
 32753 | Swamp:1  | Received a gift from Okawaru
 32753 | Swamp:1  | Reached XP level 17. HP: 112/112 MP: 24/24
 33272 | Swamp:1  | Received a gift from Okawaru
 34389 | Swamp:3  | Got a dazzling helmet
 34400 | Swamp:3  | Identified the +0 helmet "Socvaoka" {rElec Dex+3} (You found it on level 3 of the Swamp)
 35370 | D:12     | Bought a scroll of identify for 28 gold pieces
 35570 | Spider:1 | Entered Level 1 of the Spider Nest
 35613 | Spider:1 | HP: 2/112 [jumping spider (4)]
 35613 | Spider:1 | Slain by a jumping spider

Action                   |  1- 3 |  4- 6 |  7- 9 | 10-12 | 13-15 | 16-18 || total
-------------------------+-------+-------+-------+-------+-------+-------++-------
Melee: Quarterstaff      |    74 |   293 |   733 |  1030 |  1412 |   150 ||  3692
       Demon whip        |       |       |       |   110 |       |       ||   110
       Lajatang          |       |       |       |       |  1236 |  1239 ||  2475
Throw: Throwing net      |       |     7 |     4 |       |       |       ||    11
       Stone             |       |     1 |     2 |       |       |       ||     3
Invok: Heroism           |       |       |     1 |    19 |    13 |     2 ||    35
       Finesse           |       |       |       |     4 |     3 |       ||     7
 Abil: Fly               |       |       |       |       |       |     1 ||     1
Evoke: Wand              |       |       |       |       |     4 |     1 ||     5
  Use: Scroll            |       |       |     3 |    21 |     9 |    10 ||    43
       Potion            |       |       |       |     1 |     1 |     1 ||     3
 Stab: Held in net/web   |       |     2 |     1 |       |       |       ||     3
       Distracted        |       |       |     1 |       |       |       ||     1
       Invisible         |       |       |       |       |     1 |       ||     1
  Eat: Chunk             |       |     7 |    17 |    25 |    82 |    47 ||   178
       Pizza             |       |       |     1 |       |       |       ||     1
       Beef jerky        |       |       |       |     4 |     4 |       ||     8
       Meat ration       |       |       |       |     1 |       |       ||     1
       Bread ration      |       |       |       |     1 |       |       ||     1
       Fruit             |       |       |       |     1 |       |       ||     1
